 Dungeon Crawl Stone Soup version 0.29-a0-322-g68df515428 (webtiles) character file.

Game seed: 6354170519539726525

126 quinnr the Gusty (level 5, -2/28 HPs)
             Began as a Tengu Air Elementalist on Apr 5, 2022.
             Killed from afar by an orc wizard (5 damage)
             ... with a magic dart
             ... on level 3 of the Dungeon on Apr 6, 2022.
             The game lasted 00:07:07 (3198 turns).

quinnr the Gusty (Tengu Air Elementalist)           Turns: 3198, Time: 00:07:08

Health: -2/28      AC:  2    Str:  9    XL:     5   Next: 10%
Magic:  0/9        EV: 14    Int: 17    God:
Gold:   63         SH:  0    Dex: 14    Spells: 1/8 levels left

rFire   . . .      SeeInvis .   (no weapon)
rCold   . . .      Faith    .   (no shield)
rNeg    + . .      Spirit   .   a - +0 robe
rPois   .          Reflect  .   (helmet restricted)
rElec   .          Harm     .   (no cloak)
rCorr   .          Rampage  .   (no gloves)
Will    .....                   (boots unavailable)
Stlth   ++........              (no amulet)
HPRegen 0.09/turn               m - ring of positive energy
MPRegen 0.11/turn               (no ring)

@: flying quickly and evasively, very slightly contaminated, quick
A: beak, talons 3, nimble flight
a: no special abilities


You were on level 3 of the Dungeon.
You visited 1 branch of the dungeon, and saw 3 of its levels.

You collected 63 gold pieces.

Inventory:

Armour
 a - a +0 robe (worn)
Jewellery
 m - a ring of positive energy (left hand)
Wands
 i - a wand of flame (22)
Scrolls
 d - a scroll of amnesia {unknown}
 e - a scroll of immolation {unknown}
 f - a scroll of teleportation {unknown}
 g - 2 scrolls of magic mapping {unknown}
 h - a scroll of identify {unknown}
 l - 2 scrolls of torment {unknown}
Potions
 b - a potion of magic
 c - 3 potions of flight {unknown}
 j - a potion of might {unknown}
 k - 2 potions of curing {unknown}
 n - 2 potions of invisibility {unknown}


   Skills:
 - Level 2.1 Dodging
 - Level 2.0 Stealth
 - Level 2.0 Spellcasting
 - Level 1.3 Conjurations
 + Level 7.4 Air Magic


You had one spell level left.
You knew the following spells:

 Your Spells              Type           Power      Damage    Failure   Level
a - Shock                 Conj/Air       64%        1d7       3%          1
b - Static Discharge      Conj/Air       16%        N/A       4%          2
c - Airstrike             Air            13%        N/A       9%          4

Your spell library contained the following spells:

 Spells                   Type           Power      Damage    Failure   Level
 Swiftness                Air            27%        N/A       2%          3


Dungeon Overview and Level Annotations

Branches:
Dungeon (3/15)

Altars:

Annotations:
D:3 exclusion: sky beast


Innate Abilities, Weirdness & Mutations

You have a beak for a mouth.
You have claws for feet.
Your magical nature lets you fly swiftly and evasively.


Message History

The orc is almost dead.
The zap hits the orc priest.
The orc priest is heavily wounded.
The zap misses the orc.
The orc hits you with a +0 hand axe.
Unknown command.
The zap hits the orc.
You kill the orc!
The zap hits the orc priest.
The orc priest is severely wounded.
The zap hits the orc but does no damage.
The orc is lightly wounded.
Unknown command.
The zap hits something!
The zap hits the orc.
The orc is heavily wounded.
The zap hits the orc priest!
You kill the orc priest!
Something hits you.
You have reached level 5!
Your magical nature develops, letting you fly swiftly and evasively.
The zap misses the orc.
You hear some strange, mumbled words.
A puff of flame appears from out of thin air!
The puff of flame hits you!
Ouch! That really hurt!
* * * LOW HITPOINT WARNING * * *
Unknown command.
You are too injured to fight recklessly!
Unknown command.
Casting: Shock (safe; 3% risk of failure)
Confirm with . or Enter, or press ? or * to list all spells.
Aiming: Shock (safe; 3% risk of failure)
Press: ? - help, Shift-Dir - straight line, f/p - orc
Aim: an orc, wielding a +0 trident and wearing a +0 ring mail (heavily wounded, 75% to hit)
You miscast Shock.
You are very lightly contaminated with residual magic.
Nothing appears to happen.
You hear some strange, mumbled words.
A magic dart appears from out of thin air!
The magic dart hits you.
You die...

#.....# ###'#.#
#.#.# {o#)# .#
.o.#.# . #.o.#.#
.## ....#o# ..#
#.####{# #.# #@#
#.# ..
#.########.###....
#.................
####.......###Y###
#.......##
#........#
#......#.## #+#
#......#..#....
........##.#....


You could see an orc.

Vanquished Creatures
  An orc priest (D:3)
  Terence (D:2)
  Robin (D:2)
  An adder (D:2)
  A worm (D:2)
  2 orcs (D:3)
  7 ball pythons
  3 endoplasms (D:2)
  2 giant cockroaches
  13 goblins
  2 hobgoblins (D:2)
  2 kobolds (D:1)
  2 quokkas (D:1)
  A bat (D:1)
  4 frilled lizards
  5 rats
48 creatures vanquished.

Notes
Turn   | Place    | Note
-------+----------+-------------------------------------------
     0 | D:1      | quinnr the Tengu Air Elementalist began the quest for the
                  | Orb.
     0 | D:1      | Reached XP level 1. HP: 10/10 MP: 4/4
   674 | D:1      | Reached XP level 2. HP: 15/15 MP: 4/6
  1087 | D:1      | Reached skill level 5 in Air Magic
  1517 | D:2      | Noticed Robin
  1734 | D:2      | Killed Robin
  1735 | D:2      | Reached XP level 3. HP: 15/19 MP: 1/7
  2118 | D:2      | Reached skill level 6 in Air Magic
  2213 | D:2      | Noticed Terence
  2227 | D:2      | Killed Terence
  2228 | D:2      | Reached XP level 4. HP: 24/24 MP: 1/8
  2231 | D:2      | Learned a level 2 spell: Static Discharge
  2236 | D:2      | Learned a level 4 spell: Airstrike
  2872 | D:2      | Found a faded altar of an unknown god.
  3131 | D:3      | Reached skill level 7 in Air Magic
  3160 | D:3      | Noticed a sky beast
  3197 | D:3      | Gained mutation: Your magical nature lets you fly swiftly
                  | and evasively. [Tengu growth]
  3197 | D:3      | Reached XP level 5. HP: 18/28 MP: 2/9
  3198 | D:3      | Killed from afar by an orc wizard

Illustrated notes

Levels and vault maps discovered:
D:1:      co_arrival_two_rings, layout_basic
D:2:      layout_loops_ring, chequers_ecumenical_altar_simple_redux,
          uniq_terence, uniq_robin
D:3:      layout_basic, tso_metal_star, uniq_crazy_yiuf_cottage, uniq_sigmund

Skill      XL: |  1  2  3  4 |
---------------+-------------+-----
Air Magic      | 5 6 7 |  7.4
Dodging        | |  2.1
Stealth        | |  2.0
Spellcasting   | |  2.0
Conjurations   | |  1.3

Action                   |  1- 3 |  4- 6 || total
-------------------------+-------+-------++-------
Melee: Unarmed           |    14 |       ||    14
       Peck              |     3 |       ||     3
       Kick              |     1 |       ||     1
 Cast: Shock             |    77 |    34 ||   111
Armor: Robe              |     2 |       ||     2
Dodge: Dodged            |    26 |     3 ||    29

Table legend: (Time is in decaauts)
 A = Elapsed time spent in this place.
 B = Non-inter-level travel time spent in this place.
 C = Inter-level travel time spent in this place.
 D = Time resting spent in this place.
 E = Time spent auto-exploring this place.
 F = Levels seen in this place.
 G = Mean time per level.
                   A        B        C        D        E       F      G
               +--------+--------+--------+--------+--------+-----+--------+
         Total |   3199 |   3106 |     93 |    489 |   2308 |   3 | 1066.3 |
       Dungeon |   3199 |   3106 |     93 |    489 |   2308 |   3 | 1066.3 |
               +--------+--------+--------+--------+--------+-----+--------+

Top non-repeatable levels by time:
     D:1: 1899 daAuts
     D:2: 1066 daAuts
     D:3: 233 daAuts
